 Dungeon Crawl Stone Soup version 0.21.1-1-g345015f (webtiles) character file.

10710 vatarom the Fighter (level 11, -1/101 HPs)
             Began as a Grey Draconian Venom Mage on Mar 23, 2018.
             Was an Elder of Vehumet.
             Slain by a basilisk (11 damage)
             ... on level 1 of the Lair of Beasts.
             The game lasted 00:27:03 (10178 turns).

vatarom the Fighter (Grey Draconian Venom Mage)    Turns: 10178, Time: 00:27:03

Health: -1/101     AC: 14    Str: 17    XL:     11   Next: 39%
Magic:  2/21       EV: 12    Int: 20    God:    Vehumet [****..]
Gold:   866        SH:  0    Dex: 11    Spells: 4/23 levels left

rFire    . . .     SeeInvis .   o - +0 mace (protect)
rCold    . . .     Gourm    .   (no shield)
rNeg     . . .     Faith    .   (armour unavailable)
rPois    .         Spirit   .   (helmet restricted)
rElec    .         Reflect  .   t - +1 cloak {MR+}
rCorr    .         Harm     .   (no gloves)
MR       +....                  (no boots)
Stlth    ++........             (no amulet)
HPRegen  0.26/turn              j - +5 ring of strength
MPRegen  0.17/turn              (no ring)

@: lethally poisoned (-1 -> -54), flying
A: walk through water, unfitting armour, hooves 1, horns 1, clever 1,
unbreathing, cold-blooded, AC +12
a: Renounce Religion


You were on level 1 of the Lair of Beasts.
You worshipped Vehumet.
Vehumet was greatly pleased with you.
You were hungry.

You visited 3 branches of the dungeon, and saw 12 of its levels.

You collected 866 gold pieces.

Inventory:

Hand Weapons
 o - a +0 mace of protection (weapon)
Armour
 t - a +1 cloak of magic resistance (worn)
Jewellery
 j - a +5 ring of strength (left hand)
 s - an uncursed ring of protection from fire {unknown}
Wands
 c - a wand of disintegration (11)
 h - a wand of paralysis (18)
 n - a wand of iceblast (7)
 p - a wand of random effects (56)
 v - a wand of flame (49)
 y - a wand of polymorph (7)
 z - a wand of acid (6)
Scrolls
 d - a scroll of enchant armour
 i - 9 scrolls of identify
 l - 2 scrolls of blinking
 m - 2 scrolls of amnesia
 q - 3 scrolls of remove curse
 r - 3 scrolls of fog
 u - 2 scrolls of magic mapping
 x - 3 scrolls of teleportation
 B - a scroll of holy word {unknown}
Potions
 k - a potion of flight
Books
 e - a book of Minor Magic

   Spells                             Type                      Level
   a - Magic Dart                     Conjuration                  1
   b - Blink                          Translocation                2
   c - Call Imp                       Summoning                    2
   d - Slow                           Hexes                        2
   e - Conjure Flame                  Conjuration/Fire             3
   f - Mephitic Cloud                 Conjuration/Poison/Air       3
 w - a book of Necromancy

   Spells                             Type                      Level
   a - Pain                           Necromancy                   1
   b - Animate Skeleton               Necromancy                   1
   c - Vampiric Draining              Necromancy                   3
   d - Regeneration                   Charms/Necromancy            3
   e - Animate Dead                   Necromancy                   4
   f - Borgnjor's Vile Clutch         Necromancy/Earth             5
Miscellaneous
 f - a lamp of fire
Comestibles
 a - 4 chunks of flesh
 b - 2 rations


   Skills:
 * Level 10.8 Fighting
 + Level 2.3 Maces & Flails
 - Level 1.7 Dodging
 - Level 1.7 Stealth
 + Level 6.8 Spellcasting
 * Level 10.2 Conjurations
 + Level 2.8 Necromancy
 * Level 5.1 Earth Magic
 - Level 6.9 Poison Magic


You had 4 spell levels left.
You knew the following spells:

 Your Spells              Type           Power        Failure   Level  Hunger
a - Sting                 Conj/Pois      ####         1%          1    None
b - Poisonous Vapours     Pois/Air       ###...       3%          2    None
c - Mephitic Cloud        Conj/Pois/Air  ####....     1%          3    #......
d - Olgreb's Toxic Radia  Pois           ####....     1%          4    ###....
e - Borgnjor's Vile Clut  Necr/Erth      ###.......   45%         5    #####..
f - Throw Icicle          Conj/Ice       ####....     3%          4    ###....


Dungeon Overview and Level Annotations

Branches:
Dungeon (10/15)            Temple (1/1) D:7            Lair (1/6) D:10
    Orc: D:9-12

Altars:
Ashenzari
Cheibriados
Dithmenos
Elyvilon
Fedhas
Gozag
Hepliaklqana
Kikubaaqudgha
Makhleb
Nemelex Xobeh
Okawaru
Qazlal
Ru
Sif Muna
Trog
Uskayaw
Vehumet
Wu Jian
Xom
Yredelemnul
Zin
The Shining One

Shops:
D:4 (   D:5 **   D:8 =   D:9 (

Annotations:
D:3 bmj180's ghost, amateur HaFi


Innate Abilities, Weirdness & Mutations

You can walk through water.
Your dull iron-grey scales are very hard. (AC +12)
You cannot fit into any form of body armour.
You can survive without breathing.
You are cold-blooded and may be slowed by cold attacks.
You have large cloven feet.
You have a pair of small horns on your head.
Your mind is acute. (Int +2)


Message History

Press: ? - help, Shift-Dir - straight line, f/p - black mamba
Aim: a black mamba (severely wounded)
The shard of ice misses the black mamba.
The basilisk looks even sicker.
Your toxic aura wanes.
You feel very sick. The black mamba bites you!!
* * * LOW HITPOINT WARNING * * *
The black mamba barely misses you.
The basilisk bites you but does no damage.
You feel very buoyant.
You fly up into the air.
* * * LOW HITPOINT WARNING * * *
You feel very sick. The black mamba bites you!
* * * LOW HITPOINT WARNING * * *
You are more poisoned.
The black mamba poisons you! The black mamba barely misses you.
The basilisk bites you!
You die...

##.......#
##....[...#
..........#
..........#
..........#
..........###P#
......Sl.......
.......@..#
..........#
..........##
...........#
..........##
#.#####..###.##
#.. ### #...#
#.## ##.## #.P#
#.##


You could see a black mamba and a basilisk.

Vanquished Creatures
  Erica (D:10)
  A two-headed ogre (D:8)
  The ghost of Shinoi the Chucker, a novice DsAK of Lugonu (D:8)
  5 blink frogs (Lair:1)
  A hippogriff (D:8)
  A spriggan (D:8)
  A wyvern (D:10)
  11 yaks (D:10)
  2 basilisks
  3 hungry ghosts (D:10)
  Menkaure (D:6)
  3 water moccasins (Lair:1)
  3 porcupines
  2 ice beasts
  3 sky beasts
  3 black bears (D:10)
  3 orc warriors
  4 ogres
  A necrophage (D:10)
  A phantom (D:8)
  2 wolves (D:10)
  3 centaurs
  5 crocodiles
  A big kobold (D:9)
  8 bullfrogs
  2 scorpions
  A wyvern skeleton (D:8)
  6 killer bees (D:10)
  2 howler monkeys
  3 crimson imps
  Crazy Yiuf (D:6)
  6 orc priests
  A quasit (D:9)
  2 bullfrog skeletons
  8 hounds
  Jessica (D:2)
  2 iguanas
  6 orc wizards
  4 worker ants
  A hound zombie (D:5)
  A hound skeleton (D:4)
  A worker ant zombie (D:10)
  Robin (D:2)
  3 gnolls (D:4)
  9 adders
  A shadow imp (D:6)
  An ooze (D:3)
  An adder zombie (D:5)
  2 adder skeletons
  2 worms (D:2)
  A leopard gecko (D:4)
  23 orcs
  7 giant cockroaches
  12 goblins
  11 hobgoblins
  16 jackals
  5 quokkas
  A ball python (D:3)
  4 bats
  3 frilled lizards
  9 kobolds
  A leopard gecko skeleton (D:4)
  A leopard gecko zombie (D:6)
  2 rats (D:2)
234 creatures vanquished.

Vanquished Creatures (others)
  8 fungi (D:10)
  13 plants (D:10)
21 creatures vanquished.

Grand Total: 255 creatures vanquished

Notes
Turn   | Place    | Note
-------+----------+-------------------------------------------
     0 | D:1      | vatarom the Draconian Venom Mage began the quest for the Orb.
     0 | D:1      | Reached XP level 1. HP: 14/14 MP: 3/3
   416 | D:1      | Found a sparkling altar of Nemelex Xobeh.
   724 | D:2      | Noticed Jessica
   884 | D:2      | Reached XP level 2. HP: 22/22 MP: 0/5
   939 | D:2      | Learned a level 2 spell: Poisonous Vapours
   981 | D:2      | Reached skill level 1 in Fighting
  1044 | D:2      | Killed Jessica
  1044 | D:2      | Reached XP level 3. HP: 28/28 MP: 3/6
  1374 | D:2      | Gained mutation: You have a pair of small horns on your head. [potion of mutation]
  1374 | D:2      | Gained mutation: Your mind is acute. (Int +2) [potion of mutation]
  1374 | D:2      | Gained mutation: You have large cloven feet. [potion of mutation]
  1427 | D:2      | Learned a level 3 spell: Mephitic Cloud
  1543 | D:2      | Noticed Robin
  1557 | D:2      | Killed Robin
  1557 | D:2      | Reached XP level 4. HP: 19/36 MP: 0/7
  1909 | D:3      | Found a snail-covered altar of Cheibriados.
  1941 | D:3      | Found a shattered altar of Ashenzari.
  2062 | D:3      | Reached XP level 5. HP: 37/42 MP: 7/9
  2067 | D:3      | Noticed bmj180's ghost (amateur HaFi)
  2339 | D:3      | Found a radiant altar of Vehumet.
  2382 | D:3      | Became a worshipper of Vehumet
  2563 | D:4      | Found Wetiun's Antique Weapon Shoppe.
  3027 | D:4      | Reached XP level 6. HP: 51/51 MP: 10/10
  3172 | D:4      | Learned a level 4 spell: Olgreb's Toxic Radiance
  3425 | D:5      | Entered Level 5 of the Dungeon
  3461 | D:5      | Reached * piety under Vehumet
  3461 | D:5      | Offered knowledge of Shock by Vehumet.
  3521 | D:5      | Found Riegokk's Elemental Accessories.
  3533 | D:5      | Found a shimmering altar of Xom.
  3574 | D:5      | Found a glowing silver altar of Zin.
  3575 | D:5      | Found an opulent altar of Gozag.
  3597 | D:5      | Found Igrufy's Assorted Antiques.
  3614 | D:5      | Noticed a sky beast
  3631 | D:5      | Killed a sky beast
  3631 | D:5      | Your scales start taking on a dull iron-grey colour.
  3631 | D:5      | Reached XP level 7. HP: 17/60 MP: 4/12
  3631 | D:5      | Gained mutation: You can survive without breathing. [Grey Draconian growth]
  4048 | D:5      | Reached skill level 5 in Fighting
  4180 | D:5      | Reached skill level 5 in Conjurations
  4335 | D:6      | Noticed Menkaure
  4350 | D:6      | Killed Menkaure
  4350 | D:6      | Reached XP level 8. HP: 18/69 MP: 12/14
  4672 | D:6      | Reached ** piety under Vehumet
  4672 | D:6      | Offered knowledge of Searing Ray by Vehumet.
  4931 | D:6      | Found an iron altar of Okawaru.
  4971 | D:6      | Reached skill level 5 in Poison Magic
  5047 | D:6      | Found a runed door.
  5311 | D:6      | Noticed Crazy Yiuf
  5361 | D:6      | Killed Crazy Yiuf
  5403 | D:7      | Found a staircase to the Ecumenical Temple.
  5413 | Temple   | Entered the Ecumenical Temple
  6246 | D:8      | Noticed Shinoi's ghost (novice DsAK)
  6256 | D:8      | Noticed a two-headed ogre
  6300 | D:8      | Found Udi Mus's Jewellery Boutique.
  6301 | D:8      | Noticed a hippogriff
  6318 | D:8      | Reached XP level 9. HP: 59/79 MP: 5/16
  6320 | D:8      | Reached skill level 5 in Spellcasting
  6380 | D:8      | Offered knowledge of Throw Frost by Vehumet.
  6588 | D:9      | Reached *** piety under Vehumet
  6947 | D:9      | Found Kiuph's Antique Weapon Emporium.
  7035 | D:9      | Found a snail-covered altar of Cheibriados.
  7611 | D:10     | Entered Level 10 of the Dungeon
  7683 | D:10     | Reached XP level 10. HP: 66/91 MP: 12/18
  7717 | D:10     | Offered knowledge of Static Discharge by Vehumet.
  7876 | D:8      | Killed Shinoi's ghost
  7936 | D:8      | Killed a two-headed ogre
  8119 | D:3      | Learned a level 5 spell: Borgnjor's Vile Clutch
  8455 | D:8      | Found a bloodstained altar of Trog.
  8782 | D:10     | Reached skill level 1 in Earth Magic
  8787 | D:10     | Reached skill level 10 in Fighting
  8789 | D:10     | Reached skill level 1 in Necromancy
  8863 | D:10     | Noticed Erica
  8880 | D:10     | Reached **** piety under Vehumet
  8951 | D:10     | Killed Erica
  8951 | D:10     | Reached skill level 1 in Maces & Flails
  9180 | D:10     | Offered knowledge of Throw Icicle by Vehumet.
  9186 | D:10     | Learned a level 4 spell: Throw Icicle
  9224 | D:10     | Reached XP level 11. HP: 82/100 MP: 4/20
  9350 | D:10     | Found a staircase to the Lair.
  9569 | D:10     | Reached skill level 10 in Conjurations
  9616 | Lair:1   | Entered Level 1 of the Lair of Beasts
  9862 | Lair:1   | Reached skill level 5 in Earth Magic
 10178 | Lair:1   | Slain by a basilisk

Skill      XL: |  1  2  3  4  5  6  7  8  9 10 11 |
---------------+----------------------------------+-----
Fighting       | 1 2 3 4 5 7 9 10 | 10.8
Conjurations   | 2 3 4 5 6 8 9 10 | 10.2
Spellcasting   | 3 4 5 6 |  6.8
Poison Magic   | 4 5 6 |  6.9
Earth Magic    | 3 5 |  5.1
Necromancy     | 2 |  2.8
Maces & Flails | 1 2 |  2.3
Dodging        | |  1.7
Stealth        | |  1.7

Action                   |  1- 3 |  4- 6 |  7- 9 | 10-12 || total
-------------------------+-------+-------+-------+-------++-------
Melee: Spear             |    49 |    13 |       |       ||    62
       Tailslap          |     6 |     8 |    24 |    29 ||    67
       Great mace        |    11 |       |       |       ||    11
       Kick              |     5 |    19 |    61 |    66 ||   151
       Headbutt          |     1 |    10 |    41 |    39 ||    91
       Mace              |       |    77 |   262 |   211 ||   550
       Club              |       |     8 |       |       ||     8
       Halberd           |       |    17 |       |       ||    17
 Cast: Sting             |    26 |    46 |    17 |    12 ||   101
       Poisonous Vapours |     8 |    12 |    18 |     4 ||    42
       Mephitic Cloud    |       |     1 |     6 |     6 ||    13
       Olgreb's Toxic Ra |       |     2 |    16 |    27 ||    45
       Throw Icicle      |       |       |       |    23 ||    23
Evoke: Wand              |       |       |    10 |     1 ||    11
       Lamp of fire      |       |       |     1 |       ||     1
  Use: Scroll            |     4 |     7 |     2 |       ||    13
       Potion            |     3 |     1 |    13 |     4 ||    21
 Stab: Confused          |       |     1 |     1 |     1 ||     3
       Sleeping          |       |       |     1 |       ||     1
  Eat: Chunk             |     3 |     4 |     9 |    13 ||    29
       Ration            |       |     1 |     7 |     4 ||    12
Armor: Skin              |    27 |    73 |   276 |   229 ||   605
Dodge: Dodged            |    56 |   114 |   322 |   209 ||   701
